 Dungeon Crawl Stone Soup version 0.18-a0-1203-gbde16db (webtiles) character file.

352475 suvakkihuora the Peltast (level 22, -16/209 HPs)
             Began as an Octopode Wanderer on Jan 27, 2016.
             Was an Initiate of Gozag.
             Shot with an arrow by a deep elf archer (17 damage)
             ... led by an ironheart preserver
             ... on level 3 of the Vaults on Jan 31, 2016.
             The game lasted 04:53:32 (49564 turns).

suvakkihuora the Peltast (Octopode Wanderer)       Turns: 49564, Time: 04:53:32

Health: -16/209    AC: 32    Str: 18    XL:     22   Next: 25%
Magic:  40/45      EV: 17    Int: 33    God:    Gozag
Gold:   2853       SH: 11    Dex: 17    Spells: 13 memorised, 1 level left

rFire  . . .     SeeInvis +     c - +8 eveningstar "Beptotz" {elec, rC+ MP+9 Int+3}
rCold  + + .     Gourm    .     Q - +2 buckler {rC+}
rNeg   + + .     Faith    .     S - +2 hat {MR+}
rPois  ∞         Spirit   .     g - amulet of the Four Winds {rN+ MR+++ Clar}
rElec  +         Dismiss  .     E - ring of see invisible
rCorr  .         Reflect  .     L - +6 ring of dexterity
SustAt .         Harm     .     P - ring of Sin {+Inv rPois MR+ Int+4}
MR     +++++     Clarity  +     n - +1 ring of slaying
Stlth  ++++++....               G - ring "Qotuen" {AC+3 Int+3}
                                j - ring of wizardry
                                w - +3 ring of protection
                                p - ring of Secouw {rPois Int+5}

@: statue-form, gold aura, very slow, almost entirely resistant to hostile
enchantments, very stealthy
A: almost no armour, amphibious, 8 rings, constrict 8, camouflage 1, blink,
mutation resistance 1, (gelatinous body 0)
a: End Transformation, Blink, Potion Petition, Call Merchant, Bribe Branch,
Renounce Religion, Evoke Invisibility
}: 2/15 runes: decaying, serpentine


You were on level 3 of the Vaults.
You worshipped Gozag.
Gozag was noncommittal.
You were not hungry.
You were a stone statue.
You visited 7 branches of the dungeon, and saw 39 of its levels.
You also visited: Labyrinth, Trove, Sewer, Bailey, Ice Cave and Wizlab.

You collected 22708 gold pieces.
You spent 6795 gold pieces at shops.
You paid 13060 gold pieces to Gozag.

Inventory:

Hand Weapons
 c - the +8 eveningstar "Beptotz" (weapon) {elec, rC+ MP+9 Int+3}
   (You found it in a treasure trove)

   Occasionally, upon striking a foe, it will discharge some electrical energy
   and cause terrible harm.
   It affects your intelligence (+3).
   It protects you from cold.
   It affects your magic capacity (+9).
 m - a +7 eveningstar of protection
 y - the +8 demon whip of Pyromania {flame, MR+ Str+4}
   (You found it in a treasure trove)

   It has been specially enchanted to burn those struck by it, causing extra
   injury to most foes and up to half again as much damage against particularly
   susceptible opponents.
   It affects your strength (+4).
   It affects your resistance to hostile enchantments.
 B - a +5 blowgun
Missiles
 q - 2 throwing nets (quivered)
 x - 11 curare-tipped needles
 I - 895 arrows
Armour
 Q - a +2 buckler of cold resistance (worn)
 S - a +2 hat of magic resistance (worn)
Rods
 u - a +4 rod of destruction (11/11)
   (You found it on level 3 of the Elven Halls)
 X - a +3 rod of clouds (12/13)
   (You bought it in a shop on level 15 of the Dungeon)
Jewellery
 g - the amulet of the Four Winds (around mantle) {rN+ MR+++ Clar}
   (You bought it in a shop on level 2 of the Orcish Mines)

   [amulet of nothing]

   It protects you from negative energy.
   It affects your resistance to hostile enchantments.
   It protects you against confusion.
 j - a ring of wizardry (on tentacle)
 l - an uncursed ring of protection from fire
 n - a +1 ring of slaying (on tentacle)
 p - the ring of Secouw (on tentacle) {rPois Int+5}
   (You took it off a deep elf death mage on level 3 of the Elven Halls)

   [ring of poison resistance]

   It affects your intelligence (+5).
   It protects you from poison.
 w - a +3 ring of protection (on tentacle)
 D - an uncursed ring of stealth
 E - a ring of see invisible (left tentacle)
 G - the ring "Qotuen" (on tentacle) {AC+3 Int+3}
   (You bought it in a shop on level 2 of the Orcish Mines)

   [ring of protection]

   It affects your AC (+3).
   It affects your intelligence (+3).
 L - a +6 ring of dexterity (right tentacle)
 P - the ring of Sin (on tentacle) {+Inv rPois MR+ Int+4}
   (You bought it in a shop on level 5 of the Dungeon)

   [ring of protection from magic]

   It affects your intelligence (+4).
   It protects you from poison.
   It affects your resistance to hostile enchantments.
   It lets you turn invisible.
 Y - the ring "Hehov" {SustAt +Fly rPois Stlth+}
   (You found it on level 3 of the Snake Pit)

   [ring of sustain attributes]

   It sustains your strength, intelligence and dexterity.
   It protects you from poison.
   It lets you fly.
   It makes you more stealthy.
Wands
 b - a wand of draining (11/15)
 d - a wand of disintegration (1/24)
 M - a wand of heal wounds (9/9)
 N - a wand of teleportation (4/9)
Scrolls
 k - a scroll of holy word
 o - 14 scrolls of remove curse
 r - 11 scrolls of immolation
 v - 4 scrolls of recharging
 A - 2 scrolls of magic mapping
 C - 12 scrolls of identify
 H - 6 scrolls of fog
 J - 5 scrolls of fear
 R - 3 scrolls of blinking
Potions
 i - a potion of cure mutation
 s - 4 potions of might
 z - 19 potions of curing
 F - 9 potions of haste
 K - 3 potions of resistance
 O - 7 potions of agility
 T - 6 potions of brilliance
 U - 3 potions of cancellation
 V - 6 potions of invisibility
 W - 7 potions of magic
 Z - 3 potions of heal wounds
Books
 a - a book of Burglary

   Spells                             Type                      Level
   a - Swiftness                      Charms/Air                   2
   b - Passwall                       Transmutation/Earth          3
   c - Passage of Golubria            Translocation                4
   d - Lee's Rapid Deconstruction     Earth                        5
   e - Darkness                       Hexes                        6
   f - Invisibility                   Hexes                        6
Miscellaneous
 e - a box of beasts
 h - a piece from Xom's chessboard
 t - a piece from Xom's chessboard
Comestibles
 f - 5 bread rations


   Skills:
 + Level 16.4 Fighting
 - Level 16.0 Maces & Flails
   Level 3.6 Bows
 - Level 7.7 Dodging
 - Level 10.2 Stealth
 - Level 17.1 Shields
 - Level 10.0 Spellcasting
 - Level 5.8 Conjurations
   Level 1.0 Hexes
 * Level 7.6 Translocations
 - Level 8.4 Transmutations
   Level 2.0 Ice Magic
 * Level 16.7 Earth Magic
 - Level 9.0 Evocations


You had one spell level left.
You knew the following spells:

 Your Spells              Type           Power        Failure   Level  Hunger
a - Magic Dart            Conj           ####         1%          1    None
b - Beastly Appendage     Trmt           ######       1%          1    None
c - Blink                 Tloc           N/A          1%          2    None
d - Repel Missiles        Chrm/Air       ###...       1%          2    None
e - Sticks to Snakes      Trmt           ######..     1%          2    None
f - Conjure Flame         Conj/Fire      #####...     1%          3    None
g - Mephitic Cloud        Conj/Pois/Air  ####....     1%          3    None
h - Phase Shift           Tloc           ######....   1%          5    ###....
i - Statue Form           Trmt/Erth      #######..    1%          6    #####..
j - Iron Shot             Conj/Erth      ######....   2%          6    #####..
k - Stone Arrow           Conj/Erth      ######       1%          3    None
l - Lee's Rapid Deconstr  Erth           #######...   1%          5    ###....
m - Summon Butterflies    Summ           ###.....     1%          1    None


Dungeon Overview and Level Annotations

Branches:
Dungeon (15/15)            Temple (0/1) D:4            Lair (8/8) D:8
  Swamp (4/4) Lair:6        Snake (4/4) Lair:6        Slime (0/6) Lair:7
    Orc (2/2) D:12            Elf (3/3) Orc:2        Vaults (3/5) D:14
  Crypt (0/3) Vaults:3     Depths (0/5) D:15

Altars:
Ashenzari
Cheibriados
Dithmenos
Elyvilon
Fedhas
Gozag
Kikubaaqudgha
Nemelex Xobeh
Okawaru
Qazlal
Trog
Vehumet
Xom
Yredelemnul
Zin
The Shining One
Jiyva

Shops:
D:2 *   D:5 =   D:9 *   D:12 [   D:13 (   D:15 }   Orc:2 (**:*=   Lair:4 *
Lair:7 [   Lair:8 }   Swamp:1 *   Snake:2 !   Snake:3 =   Snake:4 =
Vaults:1 (**?

Annotations:
D:3 Natasha
D:5 exclusion: upstairs
D:7 Joseph
D:8 exclusion: 2 oklob saplings
Lair:7 exclusion: oklob plant
Lair:8 exclusion: door
Elf:3 exclusion: door


Innate Abilities, Weirdness & Mutations

You cannot wear most types of armour.
You are amphibious.
You can wear up to eight rings at the same time.
You can use your tentacles to constrict eight enemies at once.
Your skin changes colour to match your surroundings (Stealth).
((Your rubbery body absorbs attacks (AC +1).))
You can translocate small distances at will.
You are somewhat resistant to further mutation.


Message History

The yaktaur captain shoots a bolt.
The bolt hits you!!
* * * LOW HITPOINT WARNING * * *
The orc knight hits you with a great sword!
* * * LOW HITPOINT WARNING * * *
The ironbrand convoker is distracted by the nearby gold.
The ironbrand convoker shouts!
You impale the orc knight!!
There is a sudden explosion of sparks!
You kill the orc knight!
The deep elf archer gestures at you while chanting.
You resist with almost no effort.
The yaktaur captain shoots a bolt.
The bolt hits you!
* * * LOW HITPOINT WARNING * * *
The deep elf archer is distracted by the nearby gold.
The deep elf archer shouts!
You closely miss the ironbrand convoker.
The ironbrand convoker is no longer distracted by gold.
You grab the ironbrand convoker. You constrict the ironbrand convoker.
The deep elf archer shoots an arrow.
The arrow hits you!
You die...
Your body crumbles into a pile of gold.

,,,,,,,* #..)...##..#....#
,,,,,,,* #.......##.)....#
,,,>,,,* #........##.....#
,,,,,,,* #.........##....#
,,,,,,,****######'#####'##)######
,,,,,,,**,,,#,,,#...# #..........
+********,,,#.,,#.$.# #....>#....
,********...##.##S..# #....###...
,,*,,,,****#..e$8#### #..........
,,,*,,,**,,#..c$p#,,* #..#.....#.
+****,,**.......e.,,* #.##.....##
,,,***,**..#.....#.,* #..#.....#.
,,*,*,***#*#.....###* #..........
,*,,*,,**,..##.##.,,* #....###...
*,,,+,,,+...*..,*.,,* #.....#....
,*,,*,,**..,#..,*.,,* #..........
,,*,*,*************** ###########


You could see a yaktaur captain, 2 deep elf archers, an ironbrand convoker and a
friendly adder.

Vanquished Creatures
  Vashnia (Snake:3)
  Rupert (Lair:8)
  2 deep elf master archers (Elf:3)
  3 deep elf blademasters
  A sphinx (Vaults:3)
  5 thorn hunters
  7 greater nagas
  5 deep elf sorcerers
  7 vault wardens
  Aizul (Snake:3)
  5 deep elf elementalists (Elf:3)
  An angel (D:15)
  7 ironheart preservers
  Nessos (Lair:8)
  6 deep elf annihilators (Elf:3)
  5 deep elf demonologists (Elf:3)
  10 purple draconians (WizLab)
  3 statues (WizLab)
  The ghost of asdu the Bludgeoner, a journeyman OgBe of Trog (Orc:2)
  6 deep elf death magi
  A minotaur (Lab)
  A vault guard (Vaults:1)
  A fire dragon (Vaults:2)
  Josephine (D:12)
  4 yaktaur captains
  Erolcha (D:8)
  28 hydras
  2 ice dragons
  4 deep elf high priests
  A rakshasa (Vaults:1)
  17 naga warriors
  5 alligators
  A ghost crab (shapeshifter) (Vaults:1)
  6 death yaks
  A death knight (Vaults:2)
  9 anacondas
  5 ogre magi
  6 centaur warriors
  A tengu warrior (Swamp:3)
  2 deep troll shamans (Vaults:3)
  A deep troll earth mage (Vaults:3)
  7 shock serpents
  17 naga sharpshooters
  2 orc high priests
  8 skeletal warriors (Vaults:2)
  24 deep elf knights
  3 fire crabs
  A storm dragon skeleton (Vaults:2)
  4 salamander mystics
  6 deep trolls
  A flayed ghost (Vaults:2)
  6 shambling mangroves
  4 unseen horrors
  4 ironbrand convokers
  14 naga ritualists
  7 swamp dragons
  12 deep elf archers
  5 hill giants
  A sphinx zombie (Vaults:2)
  4 harpies (Vaults:3)
  A wolf spider zombie (D:15)
  10 orc knights
  72 deep elf magi
  2 necromancers
  2 wizards
  3 wolf spiders
  5 griffons
  7 orc sorcerers
  4 hornets
  12 mana vipers
  32 ugly things
  Maurice (Orc:1)
  8 cyclopes
  17 salamanders
  25 naga magi
  4 vault sentinels
  39 black mambas
  6 guardian serpents
  14 elephants (Lair:8)
  A gargoyle (D:15)
  37 spiny frogs
  A kobold demonologist (D:14)
  A torpor snail (Lair:8)
  21 yaktaurs
  2 fire drakes
  The ghost of Uberwunderbarhen the Ducker, a novice OpTm (D:5)
  12 komodo dragons
  2 human zombies (Vaults:2)
  A tengu conjurer (Swamp:3)
  7 trolls
  16 two-headed ogres
  7 giant leeches
  3 boulder beetles
  5 polar bears
  A bog body (Swamp:3)
  23 slime creatures
  34 blink frogs
  3 air elementals
  A shadow (D:12)
  4 water elementals
  A centaur simulacrum (D:15)
  2 vampires
  3 spriggans
  8 wraiths
  7 wyverns
  3 fire elementals
  A steam dragon (D:14)
  Eustachio (D:4)
  49 yaks
  31 vampire mosquitoes
  4 basilisks
  7 hippogriffs
  A hungry ghost (D:12)
  27 wolves
  65 nagas
  20 swamp worms
  4 wargs
  8 insubstantial wisps
  15 water moccasins
  3 mottled dragons
  2 soldier ants
  10 porcupines
  8 sky beasts
  9 swamp drakes
  28 orc warriors
  20 ice beasts
  3 phantoms
  A black bear (D:8)
  An ettin simulacrum (Vaults:2)
  A necrophage (D:7)
  14 wasps
  32 ogres
  4 boggarts (Vaults:1)
  15 centaurs
  19 crocodiles
  Blork the orc (D:4)
  2 big kobolds
  12 giant frogs
  4 earth elementals
  A water moccasin zombie (D:7)
  4 scorpions
  A water moccasin skeleton (D:7)
  8 killer bees
  2 electric eels (D:13)
  12 crimson imps
  6 centaur zombies
  A quasit (D:8)
  5 hounds
  5 centaur skeletons
  3 jellies (Lair:7)
  30 orc priests
  2 giant frog skeletons
  16 iguanas
  Jessica (D:2)
  29 orc wizards
  2 sirens (Sewer)
  A merfolk avatar (Sewer)
  17 worker ants
  A killer bee zombie (D:10)
  11 sheep
  A hound zombie (D:8)
  A worker ant zombie (D:6)
  13 gnolls (Bailey)
  18 adders
  70 river rats
  A shadow imp (D:13)
  3 oozes (Lair:7)
  A worm (D:2)
  8 giant geckos
  96 orcs
  14 ball pythons
  9 bats
  10 giant cockroaches
  10 goblins
  16 hobgoblins
  7 jackals
  28 kobolds
  2 quokkas
  7 giant newts
  29 rats
  6 fungi
1707 creatures vanquished.

Vanquished Creatures (collateral kills)
  Gastronok (D:8)
  A hydra (Lair:3)
  An ogre mage (D:14)
  A deep elf mage (Vaults:3)
  A black mamba (Lair:3)
  2 komodo dragons
  3 spiny frogs
  3 yaktaurs
  A two-headed ogre (D:14)
  2 water elementals (D:13)
  5 yaks
  A naga (Snake:4)
  2 centaurs (D:14)
  A crocodile (Lair:4)
  A wyvern zombie (D:7)
  A killer bee (D:7)
  An orc wizard (D:6)
  An orc priest (D:6)
  A river rat (Lair:6)
  2 orcs (D:14)
  A jackal (D:8)
33 creatures vanquished.

Vanquished Creatures (others)
  Nikola (Snake:3)
  A deep elf high priest (Elf:3)
  26 dancing weapons
  An alligator (Swamp:3)
  An ugly thing (Vaults:2)
  2 orcs
  39 fungi
  19 plants
90 creatures vanquished.

Grand Total: 1830 creatures vanquished

Notes
Turn   | Place    | Note
--------------------------------------------------------------
     0 | D:1      | suvakkihuora the Octopode Wanderer began the quest for the Orb.
     0 | D:1      | suvakkihuora set off with: a book of Minor Magic, the Grimoire of Transmigration, a +0 shortbow, 25 arrows, a bread ration
     0 | D:1      | Reached XP level 1. HP: 14/14 MP: 3/3
     0 | D:1      | Identified the Grimoire of Transmigration
     2 | D:1      | Learned a level 1 spell: Magic Dart
   212 | D:1      | Reached XP level 2. HP: 16/19 MP: 5/5
   559 | D:1      | Reached XP level 3. HP: 20/24 MP: 6/6
   940 | D:2      | Noticed Jessica
   947 | D:2      | Killed Jessica
   947 | D:2      | Reached skill level 3 in Bows
  1013 | D:2      | Found a basalt altar of Yredelemnul.
  1235 | D:2      | Reached XP level 4. HP: 16/29 MP: 7/7
  1917 | D:2      | Found an ancient bone altar of Kikubaaqudgha.
  1933 | D:2      | Reached skill level 1 in Conjurations
  1948 | D:2      | Found Gozag's Platinum Reserve.
  1961 | D:2      | Found an opulent altar of Gozag.
  1969 | D:2      | Became a worshipper of Gozag Ym Sagoz the Greedy
  2635 | D:3      | Learned a level 1 spell: Beastly Appendage
  2638 | D:3      | Learned a level 2 spell: Blink
  2641 | D:3      | Learned a level 2 spell: Repel Missiles
  2642 | D:3      | Noticed Natasha
  2699 | D:3      | Found an iron altar of Okawaru.
  2704 | D:3      | Found a glowing golden altar of the Shining One.
  2705 | D:3      | Found a blossoming altar of Fedhas.
  2805 | D:3      | Reached XP level 5. HP: 22/36 MP: 2/8
  3164 | D:5      | Entered Level 5 of the Dungeon
  3237 | D:4      | Noticed Eustachio
  3290 | D:5      | Noticed Uberwunderbarhen's ghost (novice OpTm)
  3313 | D:5      | Reached skill level 1 in Shields
  3363 | D:4      | Noticed Blork the orc
  3371 | D:4      | Killed Blork the orc
  3371 | D:4      | Reached XP level 6. HP: 31/42 MP: 9/9
  3387 | D:4      | Learned a level 2 spell: Sticks to Snakes
  3440 | D:4      | Noticed Edmund
  3446 | D:4      | Noticed Edmund
  3446 | D:4      | Edmund changed into Edmund the ogre
  3477 | D:4      | Killed Edmund the ogre
  3477 | D:4      | Reached skill level 1 in Transmutations
  3494 | D:4      | Killed Eustachio
  3494 | D:4      | Reached XP level 7. HP: 33/47 MP: 10/10
  3577 | D:4      | Reached skill level 4 in Fighting
  3672 | D:4      | Found a staircase to the Ecumenical Temple.
  3707 | D:4      | You fall through a shaft for 3 floors!
  3857 | D:6      | Found a glowing drain.
  3870 | Sewer    | Entered a sewer
  4117 | Sewer    | Reached skill level 1 in Maces & Flails
  4530 | D:5      | Reached XP level 8. HP: 54/54 MP: 7/12
  4595 | D:6      | Found a sparkling altar of Nemelex Xobeh.
  4614 | D:6      | Found a shattered altar of Ashenzari.
  4745 | D:6      | Gained mutation: You are somewhat resistant to further mutation. [potion of beneficial mutation]
  4760 | D:6      | Found a snail-covered altar of Cheibriados.
  5050 | D:6      | Found a shimmering altar of Xom.
  5105 | D:6      | Found a shadowy altar of Dithmenos.
  5573 | D:6      | Reached skill level 5 in Transmutations
  5815 | D:4      | Found a white marble altar of Elyvilon.
  5822 | D:4      | Reached XP level 9. HP: 58/58 MP: 14/16
  6102 | D:7      | Reached skill level 5 in Spellcasting
  6214 | D:7      | Found a radiant altar of Vehumet.
  6242 | D:7      | Reached skill level 5 in Maces & Flails
  6509 | D:7      | Reached skill level 6 in Transmutations
  6655 | D:7      | Noticed Joseph
  6964 | D:5      | Bought the ring of Sin {+Inv rPois MR+ Int+4} for 825 gold pieces
  7364 | D:8      | Found a stormy altar of Qazlal.
  7373 | D:8      | Noticed Gastronok
  7417 | D:8      | Killed Gastronok
  7417 | D:8      | Reached skill level 7 in Transmutations
  7417 | D:8      | Reached XP level 10. HP: 49/64 MP: 13/19
  7460 | D:8      | Found a staircase to the Lair.
  7660 | D:8      | Noticed a centaur warrior
  7696 | D:8      | Killed a centaur warrior
  7920 | D:8      | Noticed Erolcha
  7990 | D:8      | Found a blossoming altar of Fedhas.
  8008 | D:8      | Reached skill level 5 in Fighting
  8070 | D:8      | Reached skill level 8 in Transmutations
  8152 | D:9      | Reached skill level 5 in Evocations
  8197 | D:9      | Found Zin's Purification Station.
  8199 | D:9      | Found a glowing silver altar of Zin.
  8284 | Lair:1   | Entered Level 1 of the Lair of Beasts
  8474 | Lair:1   | Noticed a black mamba
  8488 | Lair:1   | Killed a black mamba
  8765 | Lair:1   | Reached XP level 11. HP: 67/72 MP: 20/20
  9199 | Lair:1   | Learned a level 3 spell: Conjure Flame
  9203 | Lair:1   | Learned a level 3 spell: Mephitic Cloud
  9710 | Lair:2   | Got a smoking longbow
  9719 | Lair:2   | Identified the +11 longbow of Fegig {flame, Int+7 Dex-3} (You found it on level 2 of the Lair of Beasts)
 11186 | Lair:2   | Reached skill level 9 in Maces & Flails
 11186 | Lair:2   | Reached skill level 5 in Stealth
 11375 | D:5      | Killed Uberwunderbarhen's ghost
 11381 | D:5      | Bought an uncursed amulet of regeneration for 480 gold pieces
 11385 | D:5      | Bought an uncursed ring of magical power for 320 gold pieces
 11587 | Lair:3   | Noticed a four-headed hydra
 11670 | Lair:3   | Found a frozen archway.
 11740 | Lair:3   | Reached XP level 12. HP: 38/80 MP: 21/21
 11936 | IceCv    | Entered an ice cave
 12240 | IceCv    | Got a polished quick blade
 12267 | Lair:3   | Identified the +6 quick blade "Ymmito" {venom, Fragile rPois rN+++ SInv} (You found it in an ice cave)
 12480 | Lair:3   | Noticed a five-headed hydra
 12494 | Lair:3   | Killed a five-headed hydra
 12494 | Lair:3   | Reached skill level 5 in Conjurations
 12775 | Lair:3   | Killed a four-headed hydra
 13221 | Lair:3   | Reached skill level 10 in Maces & Flails
 13699 | Lair:4   | Reached skill level 1 in Dodging
 14192 | Lair:4   | Reached XP level 13. HP: 86/86 MP: 11/22
 14294 | Lair:4   | Reached skill level 10 in Stealth
 14492 | Lair:4   | Bought a short silver wand for 116 gold pieces
 14492 | Lair:4   | Bought a metallic emerald potion for 26 gold pieces
 14492 | Lair:4   | Bought a scroll labeled ALOGIST ERUWU for 29 gold pieces
 14492 | Lair:4   | Bought a scroll labeled DUQAGES HICZI for 29 gold pieces
 14492 | Lair:4   | Bought a hardcover book for 435 gold pieces
 14753 | Lair:5   | Reached skill level 1 in Translocations
 15774 | Lair:6   | Found a staircase to the Swamp.
 15835 | Lair:6   | Reached skill level 11 in Maces & Flails
 16642 | Lair:6   | Found a staircase to the Snake Pit.
 16858 | Lair:6   | Reached skill level 5 in Dodging
 17888 | Lair:7   | Learned a level 5 spell: Phase Shift
 18208 | Lair:8   | Entered Level 8 of the Lair of Beasts
 18446 | Lair:8   | Reached XP level 14. HP: 79/93 MP: 25/25
 18526 | Lair:8   | Reached skill level 12 in Maces & Flails
 18813 | Lair:8   | Noticed Rupert
 18817 | Lair:8   | Upgraded the game from 0.18-a0-1180-g64ccc1e to 0.18-a0-1186-gd02dc51
 18857 | Lair:8   | Killed Rupert
 19302 | Lair:7   | Found a viscous altar of Jiyva.
 19303 | Lair:7   | Found a runed door.
 19323 | Lair:7   | Found a staircase to the Slime Pits.
 19766 | Lair:8   | Noticed Nessos
 19788 | Lair:8   | Killed Nessos
 20695 | Lair:8   | Reached skill level 5 in Shields
 21036 | Lair:8   | Reached skill level 13 in Maces & Flails
 21431 | Lair:8   | Reached XP level 15. HP: 93/100 MP: 28/28
 21991 | Snake:1  | Entered Level 1 of the Snake Pit
 22297 | Swamp:1  | Entered Level 1 of the Swamp
 22684 | Swamp:1  | Bought a glowing lead wand for 108 gold pieces
 22690 | Swamp:1  | Bought 2 scrolls of identify for 108 gold pieces
 22928 | D:8      | Learned a level 6 spell: Statue Form
 23062 | D:8      | Killed Erolcha
 23062 | D:8      | Reached skill level 1 in Earth Magic
 24456 | D:10     | Entered Level 10 of the Dungeon
 24506 | D:10     | Found a flagged portal.
 24545 | Bailey   | Entered a bailey
 24785 | Bailey   | Gained mutation: You can translocate small distances at will. [potion of beneficial mutation]
 25258 | D:10     | Learned a level 6 spell: Iron Shot
 26956 | D:13     | Found a labyrinth entrance.
 27028 | Lab      | Entered a labyrinth
 27276 | Lab      | Reached skill level 5 in Earth Magic
 27290 | Lab      | Identified the Reference Book on Sinister Magic
 27290 | Lab      | Got a scintillating zirconium amulet
 27292 | Lab      | Identified the amulet of Utirrom {Gourm MR+ Str+3 Dex+2} (You found it in a labyrinth)
 27497 | D:13     | Bought a glowing flail for 84 gold pieces
 27844 | D:12     | Found Yfext's Armour Shoppe.
 27846 | D:12     | Found a staircase to the Orcish Mines.
 28003 | D:12     | Found a portal to a secret trove of treasure.
 28026 | D:12     | You paid a toll of a wand of heal wounds (9) to enter a treasure trove
 28027 | Trove    | Entered a treasure trove
 28038 | Trove    | Got a brightly glowing eveningstar
 28039 | Trove    | Identified the +8 eveningstar "Beptotz" {elec, rC+ MP+9 Int+3} (You found it in a treasure trove)
 28064 | Trove    | Got a twisted demon whip
 28074 | Trove    | Identified the +8 demon whip of Pyromania {flame, MR+ Str+4} (You found it in a treasure trove)
 28120 | D:12     | Noticed Josephine
 28578 | Orc:1    | Entered Level 1 of the Orcish Mines
 28773 | Orc:2    | Entered Level 2 of the Orcish Mines
 28800 | Orc:2    | Noticed asdu's ghost (journeyman OgBe)
 28814 | Orc:2    | Killed asdu's ghost
 29598 | Orc:1    | Noticed Maurice
 29613 | Orc:1    | Killed Maurice
 29664 | Orc:2    | Found a staircase to the Elven Halls.
 29671 | Orc:2    | Found Xiostiv's General Store.
 29816 | Orc:2    | Found Noyh's Assorted Antiques.
 29816 | Orc:2    | Found Mehodghyw's Book Boutique.
 29817 | Orc:2    | Found Wuxtuzymaz's Assorted Antiques.
 29821 | Orc:2    | Found Luekh's Weapon Shop.
 29829 | Orc:2    | Bought a crooked lead wand for 100 gold pieces
 29836 | Orc:2    | Bought a glowing ivory ring for 190 gold pieces
 29838 | Orc:2    | Upgraded the game from 0.18-a0-1186-gd02dc51 to 0.18-a0-1195-g77a4f03
 30369 | Orc:1    | Reached skill level 14 in Maces & Flails
 30744 | D:14     | Reached XP level 16. HP: 106/106 MP: 29/29
 31887 | D:14     | Found a gate to the Vaults.
 32072 | D:15     | Entered Level 15 of the Dungeon
 32398 | D:15     | Found a staircase to the Depths.
 33105 | D:15     | Reached skill level 15 in Maces & Flails
 33308 | D:15     | Found a glowing silver altar of Zin.
 33370 | D:15     | Bought a wand of teleportation (5/9) for 459 gold pieces
 33370 | D:15     | Bought a +0 rod of clouds (10/10) for 1275 gold pieces
 33466 | D:12     | Killed Josephine
 34226 | Swamp:2  | Noticed a thorn hunter
 34230 | Swamp:2  | Noticed a thorn hunter
 34334 | Swamp:2  | Killed a thorn hunter
 34334 | Swamp:2  | Reached skill level 10 in Earth Magic
 34769 | Swamp:2  | Killed a thorn hunter
 35022 | Swamp:1  | Reached XP level 17. HP: 100/114 MP: 30/30
 35055 | Swamp:3  | Reached skill level 10 in Fighting
 35817 | Swamp:3  | Reached skill level 10 in Spellcasting
 36301 | Swamp:3  | Reached skill level 16 in Maces & Flails
 36406 | Swamp:4  | Entered Level 4 of the Swamp
 36816 | Swamp:4  | Got a decaying rune of Zot
 37105 | Swamp:4  | Reached skill level 10 in Shields
 37612 | Snake:2  | Found a radiant altar of Vehumet.
 38021 | Snake:1  | Reached XP level 18. HP: 126/126 MP: 32/32
 38703 | Snake:2  | Found Kudutz's Distillery.
 38718 | Snake:2  | Bought a potion of berserk rage for 80 gold pieces
 38718 | Snake:2  | Bought a potion of magic for 128 gold pieces
 38718 | Snake:2  | Bought a potion of magic for 128 gold pieces
 38718 | Snake:2  | Bought a potion of cancellation for 128 gold pieces
 38726 | Snake:2  | Bought a potion of haste for 160 gold pieces
 39230 | Snake:3  | Found a bloodstained altar of Trog.
 39261 | Snake:3  | Noticed Aizul
 39262 | Snake:3  | Upgraded the game from 0.18-a0-1195-g77a4f03 to 0.18-a0-1203-gbde16db
 39284 | Snake:3  | Killed Aizul
 39410 | Snake:3  | Got a flickering copper ring
 39411 | Snake:3  | Identified the ring "Hehov" {SustAt +Fly rPois Stlth+} (You found it on level 3 of the Snake Pit)
 39517 | Snake:3  | Noticed Vashnia
 39544 | Snake:3  | Killed Vashnia
 39847 | Snake:3  | Noticed Nikola
 39861 | Snake:3  | Killed Nikola
 40101 | Snake:3  | Bought a +1 ring of slaying for 120 gold pieces
 40125 | Snake:4  | Entered Level 4 of the Snake Pit
 40217 | Snake:4  | Reached XP level 19. HP: 131/137 MP: 33/33
 41579 | Snake:4  | Got a serpentine rune of Zot
 42205 | Elf:1    | Entered Level 1 of the Elven Halls
 43132 | Elf:2    | Found a runed gate.
 43133 | Elf:2    | Found a runed gate.
 43136 | Elf:2    | Found a runed gate.
 43281 | Elf:2    | Reached XP level 20. HP: 144/144 MP: 34/34
 43387 | Elf:2    | Reached skill level 15 in Shields
 43539 | Elf:2    | Found an ancient bone altar of Kikubaaqudgha.
 43945 | Elf:2    | Reached skill level 15 in Fighting
 44176 | Elf:3    | Entered Level 3 of the Elven Halls
 45430 | Elf:3    | Identified the Reference Book on Conjuration and the Arsonist (You found it on level 3 of the Elven Halls)
 45559 | Elf:3    | Identified a +4 rod of destruction (11/11) (You found it on level 3 of the Elven Halls)
 45590 | Elf:3    | Got a scorched pewter ring
 45591 | Elf:3    | Identified the ring of Secouw {rPois Int+5} (You took it off a deep elf death mage on level 3 of the Elven Halls)
 46055 | Elf:2    | Reached XP level 21. HP: 150/152 MP: 35/35
 46400 | Orc:2    | Bought the amulet of the Four Winds {rN+ MR+++ Clar} for 418 gold pieces
 46405 | Orc:2    | Bought the ring "Qotuen" {AC+3 Int+3} for 480 gold pieces
 46508 | Vaults:1 | Entered Level 1 of the Vaults
 46722 | Vaults:1 | Reached skill level 15 in Earth Magic
 46887 | Vaults:1 | Found Gozag's Antique Weapon Shop.
 46896 | Vaults:1 | Found an opulent altar of Gozag.
 46899 | Vaults:1 | Found Gozag's Assorted Antiques.
 46935 | Vaults:1 | Found Gozag's Assorted Antiques.
 47034 | Vaults:1 | Bought a ring of evasion for 200 gold pieces
 47106 | Vaults:1 | Bought a scroll of recharging for 171 gold pieces
 47106 | Vaults:1 | Bought a scroll of magic mapping for 63 gold pieces
 47106 | Vaults:1 | Bought a scroll of blinking for 135 gold pieces
 48046 | Vaults:2 | Reached skill level 17 in Shields
 48593 | Vaults:2 | Reached skill level 5 in Translocations
 48850 | Vaults:3 | Found a magical portal.
 48862 | WizLab   | Entered Iskenderun's Mystic Tower
 49102 | WizLab   | Reached XP level 22. HP: 148/160 MP: 36/36
 49134 | WizLab   | Identified Iskenderun's Papyrus of Conjuration
 49134 | WizLab   | Identified Iskenderun's Reference Book on Feathery Battle Magic
 49139 | WizLab   | Learned a level 3 spell: Stone Arrow
 49148 | WizLab   | Learned a level 5 spell: Lee's Rapid Deconstruction
 49165 | WizLab   | Identified Sif Muna's Compendium of the Displaced Entourage (You found it in a wizard's laboratory)
 49168 | WizLab   | Learned a level 1 spell: Summon Butterflies
 49563 | Vaults:3 | HP: 1/209 [yaktaur captain/bolt (13)]
 49564 | Vaults:3 | Shot with an arrow by a deep elf archer

Vault maps used:
D:1:      eino_arrival_druids_welcome
D:2:      nicolae_overflow_crystal_walls, nicolae_gozag_zags_fifth_avenue,
          kiku_gazebo_pond_becter, first_bread, uniq_jessica
D:3:      minitemple, minmay_bad_closet, uniq_natasha
D:4:      lemuel_round_altar, minmay_temple_entry_junction, serial_curves,
          eino_curves_03, eino_curves_02, uniq_edmund, uniq_eustachio,
          uniq_blork_the_orc
D:6:      lemuel_crystal_altar, nicolae_overflow_hidden_temple, basic_altar,
          serial_glass, glass_columns_a, glass_columns_b, glass_columns_a,
          glass_columns_a, glass_columns_a, glass_columns_a,
          portal_sewer_entry_e, cheibriados_altar_1
D:7:      vehumet_altar_wand_db, uniq_joseph
D:8:      minmay_curly_fans, nicolae_qazlal_style_of_elements, lair_0_dummy,
          grunt_ogre_cave, introduction_to_nature_1, uniq_gastronok,
          uniq_erolcha
D:9:      boulder_corridor_run, zin_purify
D:10:     enter_bailey_3, kennysheep_nub
D:11:     nrook_guardian_serpent_double
D:12:     orc_david_3, nicolae_trove_entry_crystal, uniq_josephine
D:13:     lab_entry_generic, minmay_item_behind_shaft
D:14:     hangedman_vaults_entry_quadrant_bands, lemuel_statue_altar,
          minmay_misc_feat_more_columns
D:15:     grunt_enter_depths_magical_seal, zin_angel
Lair:1:   hibernation_bobbens, grunt_megastairs_4
Lair:3:   portal_ice_cave_entry_ice_beasts, grunt_megastairs_3
Lair:4:   beast_lair_carwin_10
Lair:6:   minmay_swamp_entry_reptiles, dummy_snake_entry
Lair:7:   slime_altar_2
Lair:8:   evil_forest, uniq_rupert, uniq_nessos
Swamp:1:  evilmike_swamp_ruin_rubble_2
Swamp:2:  infiniplex_staircase_pool
Swamp:3:  hangedman_swamp_blocks, swamp_pool1, hangedman_swamp_lotus,
          kb_tengu_band
Swamp:4:  swamp, swamp_pool1
Snake:2:  serial_shops, shop_fountains, basic_altar
Snake:3:  basic_altar, abandoned_shop, uniq_vashnia, uniq_nikola, uniq_aizul
Snake:4:  minmay_snake_end_coiled
Orc:1:    uniq_maurice
Orc:2:    st_orc_mages, serial_shops, nicolae_shop_stone
Elf:1:    elf_arrival_002, kennysheep_underground_church
Elf:2:    basic_altar
Elf:3:    elf_hall
Vaults:1: kennysheep_vaults_gozag_temple, grunt_vaults_bifocal,
          dpeg_vaults_monster_box, hangedman_vaults_corner, v_misc_9,
          grunt_vaults_focal, vaults_mumra_chevron, vaults_dpeg_ring,
          v_alt_pattern_1, v_misc_13
Vaults:2: v_misc_26, ontoclasm_vaults_ring_large,
          vaults_standard_mumra_enter_the_diamond, ontoclasm_vaults_spin,
          nicolae_vaults_shelves_hall, hangedman_vaults_trim,
          vaults_dpeg_diagonal, vaults_room_fours, serial_shops, shop
Vaults:3: minmay_crypt_entry_necro_gods, nicolae_vaults_big_ls,
          vaults_standard_mumra_lines, v_misc_18, v_misc_8,
          vaults_dpeg_encased_lava, nicolae_vaults_gold_heap,
          nicolae_vaults_triangles, nicolae_vaults_sealed_display,
          ontoclasm_vaults_ring_small, nicolae_vaults_little_squares_1,
          v_rooms_3, v_misc_15, nicolae_vaults_diagonal_hallway_8,
          nicolae_vaults_ring_of_whatevers, nicolae_vaults_statue_guard,
          vaults_room_pools, serial_shops, freezing_bzr, mu_enter_wizlab_1
Lab:      labyrinth_spiral
Trove:    trove_weapon_1
Sewer:    sewer_sea
Bailey:   bailey_axe_2, bailey
IceCv:    ice_cave_statue_garden_02
WizLab:   wizlab_iskenderun

Action                   |  1- 3 |  4- 6 |  7- 9 | 10-12 | 13-15 | 16-18 | 19-21 | 22-24 || total
-------------------------+-------+-------+-------+-------+-------+-------+-------+-------++-------
Melee: Short sword       |    30 |    66 |       |       |       |       |       |       ||    96
       Dagger            |     5 |       |       |       |       |       |       |       ||     5
       Unarmed           |       |     7 |       |     5 |       |       |       |       ||    12
       Flail             |       |       |   276 |   582 |  1346 |       |       |       ||  2204
       Eveningstar       |       |       |       |       |   220 |  1238 |  1185 |   101 ||  2744
 Fire: Shortbow          |    23 |     9 |       |       |       |       |       |       ||    32
       Blowgun           |       |       |       |       |       |       |     2 |       ||     2
Throw: Javelin           |       |     2 |     9 |     5 |     3 |       |       |       ||    19
       Tomahawk          |       |       |     7 |     2 |       |       |       |       ||     9
 Cast: Magic Dart        |       |    16 |    36 |   163 |   500 |   138 |    43 |       ||   896
       Beastly Appendage |       |     2 |     3 |     1 |       |       |     1 |       ||     7
       Sticks to Snakes  |       |       |    36 |    47 |    59 |     4 |    29 |     3 ||   178
       Mephitic Cloud    |       |       |       |    15 |   112 |     2 |       |       ||   129
       Conjure Flame     |       |       |       |    12 |    89 |    38 |       |       ||   139
       Blink             |       |       |       |    11 |    12 |    14 |     6 |       ||    43
       Repel Missiles    |       |       |       |     1 |     4 |     6 |     7 |       ||    18
       Phase Shift       |       |       |       |       |    12 |    11 |     6 |       ||    29
       Statue Form       |       |       |       |       |       |    41 |    70 |     4 ||   115
       Iron Shot         |       |       |       |       |       |     4 |     8 |       ||    12
Invok: Call Merchant     |       |       |     1 |       |     5 |     2 |     3 |       ||    11
       Potion Petition   |       |       |       |       |     1 |       |       |       ||     1
 Abil: Evoke Invisibilit |       |       |       |     6 |     2 |       |     2 |       ||    10
Evoke: Wand              |       |     7 |    23 |    28 |    26 |     7 |     6 |     1 ||    98
       Rod               |       |       |       |       |       |     1 |     3 |     1 ||     5
  Use: Scroll            |     1 |     3 |    16 |    12 |    23 |    15 |     5 |       ||    75
       Potion            |     1 |     3 |     2 |     3 |     4 |     7 |     4 |     2 ||    26
 Stab: Sleeping          |     8 |     3 |    14 |     8 |    27 |    25 |    20 |     3 ||   108
       Invisible         |       |     3 |       |     7 |     5 |       |     4 |       ||    19
       Distracted        |       |       |     2 |     6 |    21 |    16 |    14 |     2 ||    61
       Confused          |       |       |       |    13 |    92 |     1 |     1 |       ||   107
  Eat: Chunk             |     1 |     3 |       |       |       |       |       |       ||     4
       Beef jerky        |       |     1 |     2 |     7 |     2 |     1 |     2 |       ||    15
       Fruit             |       |     2 |     2 |     3 |     6 |    10 |       |       ||    23
       Pizza             |       |       |     4 |       |     1 |       |       |     1 ||     6
       Meat ration       |       |       |     1 |     2 |     5 |     5 |     3 |       ||    16
       Royal jelly       |       |       |       |     1 |     1 |       |     1 |       ||     3
       Bread ration      |       |       |       |       |     5 |     4 |     9 |       ||    18
